 Dungeon Crawl Stone Soup version 0.21.1-1-g345015fe64 (webtiles) character file.

200 KamiKatze the Skirmisher (level 5, -2/57 HPs)
             Began as an Ogre Fighter on Feb 23, 2018.
             Killed by divine providence
             ... invoked by an orc priest
              (10 damage)
             ... on level 4 of the Dungeon.
             The game lasted 00:10:35 (2934 turns).

KamiKatze the Skirmisher (Ogre Fighter)             Turns: 2934, Time: 00:10:36

Health: -2/57      AC:  3    Str: 21    XL:     5   Next: 78%
Magic:  0/5        EV: 14    Int:  9    God:
Gold:   167        SH:  8    Dex:  8    Spells: 4/4 levels left

rFire    . . .     SeeInvis .   b - +0 hand axe (venom)
rCold    . . .     Gourm    .   c - +0 shield
rNeg     . . .     Faith    .   k - +0 robe
rPois    .         Spirit   +   (helmet restricted)
rElec    .         Reflect  .   i - scarf {Spirit}
rCorr    .         Harm     .   (gloves unavailable)
MR       .....                  (boots unavailable)
Stlth    +.........             w - amulet of rage
HPRegen  0.19/turn              A - +1 ring of slaying
MPRegen  0.09/turn              y - +5 ring of evasion

@: lethally poisoned (-2 -> -3)
A: large, unfitting armour, tough skin 1
a: Evoke Berserk Rage


You were on level 4 of the Dungeon.
You were very full.

You visited 1 branch of the dungeon, and saw 4 of its levels.

You collected 167 gold pieces.

Inventory:

Hand Weapons
 a - a +0 war axe
 b - a +0 hand axe of venom (weapon)
 v - a +0 blowgun
Missiles
 e - 95 stones (quivered)
 j - 4 large rocks
 r - 34 poisoned needles
Armour
 c - a +0 shield (worn)
 i - a scarf of spirit shield (worn)
 k - a +0 robe (worn)
Jewellery
 p - an uncursed amulet of the gourmand
 s - a +3 ring of dexterity
 w - an amulet of rage (around neck)
 y - a +5 ring of evasion (right hand)
 A - a +1 ring of slaying (left hand)
Wands
 q - a wand of digging (13)
Scrolls
 g - a scroll of remove curse
 l - 2 scrolls of teleportation
 m - a scroll of fear
 o - 3 scrolls of amnesia
 t - a scroll of enchant armour {unknown}
 u - a scroll of enchant weapon {unknown}
 z - 4 scrolls of identify
 B - a scroll of immolation {unknown}
Potions
 d - a potion of invisibility
 h - a potion of flight
 n - 2 potions of brilliance
Comestibles
 f - 2 rations
 x - 12 chunks of flesh


   Skills:
 + Level 5.1 Fighting
 * Level 4.0 Axes
 + Level 3.4 Dodging
 + Level 3.4 Shields


You had 4 spell levels left.
You didn't know any spells.

Dungeon Overview and Level Annotations

Branches:
Dungeon (4/15)
 Temple: D:4-7

Altars:
Ashenzari


Innate Abilities, Weirdness & Mutations

You are too large for most types of armour.
You have tough skin. (AC +1)


Message History

You feel sick. The orc priest hits you with a dagger.
The sky beast flickers out of sight!
Deactivating autopickup; reactivate with Ctrl-A.
Something hits you. Something shocks you.
* * * LOW HITPOINT WARNING * * *
A phantom comes into view.
Something hits you but does no damage.
Okay, then.
You feel sick. Something hits you but does no damage.
The phantom blinks!
The phantom blinks!
The orc priest calls down the wrath of Beogh upon you.
Pain shoots through your body!
* * * LOW HITPOINT WARNING * * *
You feel sick.
A sky beast appears from thin air!
Reactivating autopickup.
The orc priest calls down the wrath of Beogh upon you.
Beogh smites you!
You die...

....... ......... #.
##......... #.W#
#.......?.# # ..
##........## ##.
..........# ... #.
###.................
...##.#@................
.#......Y...##.........
.......÷.......##......
..#...#..#o###........
......##.#.o####.§(#.##
......##....o..........
...................§...
...........#.#.#####+##
. ...###...#....##


You could see a sky beast, an orc priest and 2 orcs.

Vanquished Creatures
  A worker ant (D:4)
  A hound skeleton (D:4)
  6 adders
  3 oozes
  5 worms
  3 dart slugs
  4 leopard geckos
  3 orcs
  3 giant cockroaches
  4 goblins
  11 hobgoblins
  5 jackals
  6 bats
  5 frilled lizards
  7 kobolds
  9 rats
  4 toadstools (D:1)
80 creatures vanquished.

Notes
Turn   | Place    | Note
-------+----------+-------------------------------------------
     0 | D:1      | KamiKatze the Ogre Fighter began the quest for the Orb.
     0 | D:1      | Reached XP level 1. HP: 24/24 MP: 1/1
   212 | D:1      | Reached XP level 2. HP: 14/32 MP: 2/2
   695 | D:1      | Reached XP level 3. HP: 28/40 MP: 3/3
  1070 | D:2      | Found a shattered altar of Ashenzari.
  1349 | D:2      | Reached XP level 4. HP: 49/49 MP: 4/4
  2065 | D:3      | Reached XP level 5. HP: 46/55 MP: 3/5
  2833 | D:4      | Noticed a sky beast
  2833 | D:4      | Noticed a phantom
  2872 | D:4      | Reached skill level 5 in Fighting
  2925 | D:4      | Noticed a phantom
  2934 | D:4      | Killed from afar by an orc priest

Skill      XL: |  1  2  3  4  5 |
---------------+----------------+-----
Dodging        | 3 |  3.4
Shields        | 3 |  3.4
Axes           | 3 4 |  4.0
Fighting       | 5 |  5.1

Action                   |  1- 3 |  4- 6 || total
-------------------------+-------+-------++-------
Melee: War axe           |   115 |   139 ||   254
       Hand axe          |       |     4 ||     4
  Use: Potion            |     1 |       ||     1
       Scroll            |     4 |     3 ||     7
 Stab: Sleeping          |       |     2 ||     2
  Eat: Chunk             |     2 |    18 ||    20
Armor: Robe              |    28 |    29 ||    57
Dodge: Dodged            |    50 |    73 ||   123
Block: Shield            |    65 |    72 ||   137
